[Event "FIDE Women's Chess World Championship"]
[Site "Chiva Chongqing"]
[Date "2023.07.18"]
[Round "9"]
[White "Lei, Tingjie"]
[Black "Ju, Wenjun"]
[Result "1/2-1/2"]
[WhiteElo "2554"]
[BlackElo "2564"]
[ECO "B45"]
[EventDate "2023.??.??"]
[Annotator "rafael"]
[PlyCount "117"]
[Beauty "5155705602569"]
[EventCountry "ESP"]
[TimeControl "40/5400+30:1800+30"]

1.e4 c5 {Ju plays the Sicilian Defense for the first time in the match.} 2.Nf3 e6 3.d4 cxd4 4.Nxd4 Nf6 5.Nc3 Nc6 6.Nxc6 {This is the critical move to exploit this move order.} ( 6.Ndb5 {may transpose to the Sveshnikov variation, or Black can try an alternative like 6...Bb4, although this is considered slightly better for White according to theory.} ) 6...bxc6 7.e5 Nd5 8.Ne4 Bb7 {As far as I remember, this line was introduced in elite play by legendary GM Peter Leko in his game against GM Garry Kasparov in 1999.} ( 8...Qc7 {is the most popular move.} ) 9.Be2 {Kasparov's choice.} ( 9.c4 {is also possible, with a lot of modern theory after} 9...Nb4 10.c5 Qb8 11.f4 Ba6 ) 9...c5 10.a3 {Once again, Lei is the first to strike with a new move. This time, however, the novelty doesn't offer much. The idea is to take the b4-square from the knight to play c2-c4.} ( 10.c4 {This move is innacurate due to} 10...Nb4 $1 ) ( 10.O-O Qc7 11.Nd6+ Bxd6 12.exd6 Qc6 13.f3 c4 14.Qd4 O-O 15.Bxc4 Qxd6 {was played in Kasparov-Leko, Linares 1999. Those who remember Kasparov's form in 1999 know that merely surviving in the opening with Black against such a mighty opponent was already a difficult task. Leko managed to get a draw without much trouble.} ) 10...Rc8 {Preparing c5-c4, a good move to secure the knight's post on d5.} ( 10...Qc7 $6 {[%c_effect c7;square;c7;type;Inaccuracy;persistent;true] is not good:} 11.Nd6+ Bxd6 12.exd6 ) ( 10...Be7 {is also natural. White can try} 11.Qd3 $5 {[%c_effect d3;square;d3;type;Interesting;persistent;true] with the idea of c2-c4.} ) 11.c4 Ne3 $1 12.Bxe3 Bxe4 13.O-O ( 13.Bf3 {immediately is also possible:} 13...Bxf3 14.Qxf3 d5 $1 {[%c_effect d5;square;d5;type;GreatFind;persistent;true] Black has to be careful.} ( 14...Be7 15.Qg3 $1 {[%c_effect g3;square;g3;type;GreatFind;persistent;true] is unpleasant.} ) 15.exd6 Bxd6 {with an equal position.} ) 13...Be7 14.Bf3 Bxf3 15.Qxf3 O-O {If White manages to stabilize the position, she may get a small advantage due to her better pawn structure, with pressure against Black's backward d-pawn. Black, however, is in time to avoid this, breaking with f7-f6.} 16.Rad1 ( 16.Qg3 f6 $1 ) 16...f6 $1 {[%c_effect f6;square;f6;type;GreatFind;persistent;true] This guarantees equality.} 17.Qg3 fxe5 18.Qxe5 Bf6 19.Qd6 Bxb2 {The game is simplifying and quickly heading to a draw.} 20.Bxc5 ( 20.Qxd7 Qxd7 21.Rxd7 Rf7 {is also equal.} ) 20...Rf7 21.Rb1 ( 21.Bxa7 {Black can regain the pawn, and the evaluation is the same:} 21...Qc7 ( 21...Qa5 ) ) 21...Be5 {An interesting move, although not the only one.} ( 21...Bf6 {Prepares ...Be7 and also leads to a draw:} 22.Rb5 ( 22.Bxa7 Qc7 ) 22...Be7 23.Qd4 Bxc5 24.Rxc5 Rxc5 25.Qxc5 Qb8 ) ( 21...Qa5 {is also possible:} 22.Bb4 Be5 $1 23.Qxe6 dxe6 24.Bxa5 Rxc4 {again with a draw.} ) 22.Qxe5 Rf5 {This is the point.} 23.Qd6 Rfxc5 24.Rb7 R5c7 25.Rfb1 Rxc4 26.g3 R4c7 27.Kg2 {White has compensation for the pawn since her heavy pieces are very active, but nothing more. Black can offer the pawn back to achieve an easy draw.} 27...a5 28.a4 h6 29.h4 Kh8 30.R1b2 Kh7 31.h5 Kh8 32.R2b5 Rxb7 ( 32...Kg8 {It's also possible to keep waiting. White has nothing more than either wait or accept the pawn back and go for a drawn rook endgame.} ) 33.Rxb7 Qf6 34.Rxd7 Rf8 35.f4 Rc8 36.Qd4 Qxd4 37.Rxd4 Kg8 $1 {[%c_effect g8;square;g8;type;GreatFind;persistent;true] Always bring the king to the center in the endgame $1} 38.Re4 Rc2+ 39.Kf3 Ra2 40.Kg4 Ra3 {White has no way to make any progress.} 41.Rxe6 Rxa4 {The position is a dead draw.} 42.Kf5 Kh7 43.Ra6 Ra1 44.Ra7 a4 45.Ra8 a3 46.g4 Ra2 47.g5 hxg5 48.fxg5 g6+ 49.hxg6+ Kg7 50.Ra7+ Kg8 51.g7 Rb2 52.Kg6 Rb6+ 53.Kh5 a2 54.Rxa2 Kxg7 55.Ra7+ Kg8 56.Ra8+ Kg7 57.Ra7+ Kg8 58.Ra8+ Kg7 59.Ra7+ {A good draw for Ju, who faced no opening problems and now has two Whites in the remaining three games.} 1/2-1/2

[Event "FIDE Women's Chess World Championship"]
[Site "Chiva Chongqing"]
[Date "2023.07.19"]
[Round "10"]
[White "Ju, Wenjun"]
[Black "Lei, Tingjie"]
[Result "1/2-1/2"]
[WhiteElo "2564"]
[BlackElo "2554"]
[ECO "A13"]
[EventDate "2023.??.??"]
[Annotator "rafael"]
[PlyCount "94"]
[Beauty "5705750810121"]
[EventCountry "ESP"]
[TimeControl "40/5400+30:1800+30"]

1.Nf3 Nf6 2.c4 e6 3.e3 d5 4.b3 c5 5.Bb2 Nc6 6.cxd5 exd5 7.Be2 {Once again Ju tries an offbeat opening, but Lei is very well prepared.} 7...a6 $5 {[%c_effect a6;square;a6;type;Interesting;persistent;true] A subtle move with the idea of taking the b5-square from White's bishop.} ( 7...Bd6 8.O-O O-O 9.d4 {leads to normal play where White can fight for an advantage.} ) ( 7...d4 {is very logical, gaining space. Here White's bishop goes to b5, and we can understand the move played in the game.} 8.exd4 ( 8.Bb5 {immediately is not so accurate, since Black can sacrifice a pawn for good compensation with} 8...Bd6 $1 9.exd4 O-O ) 8...cxd4 ( 8...Nxd4 {is also possible:} 9.Nxd4 cxd4 10.O-O Be7 11.Na3 {White never has much, but at least it's a playable position without much theory.} ) 9.Bb5 $1 Bc5 10.Qe2+ Be6 11.Bxc6+ bxc6 12.Qe5 {White wins a pawn, but it seems that here Black also has enough compensation.} ) 8.d4 ( {After} 8.O-O {Black can play} 8...d4 $1 9.exd4 cxd4 {with a good position.} ) 8...cxd4 $1 {[%c_effect d4;square;d4;type;GreatFind;persistent;true] Another accurate move.} ( 8...Bd6 9.O-O O-O 10.dxc5 Bxc5 11.Nc3 {Transposes to a well-known position that can occur from different move orders.} ) 9.Nxd4 Bb4+ $1 10.Bc3 ( {If} 10.Nc3 Qa5 {the knight is unpleasantly pinned.} ) 10...Bd6 ( 10...Qa5 $6 {[%c_effect a5;square;a5;type;Inaccuracy;persistent;true] is not good:} 11.Qd2 Nxd4 ( 11...Ne4 $2 {[%c_effect e4;square;e4;type;Mistake;persistent;true] loses to} 12.Nxc6 ) 12.Qxd4 Bxc3+ 13.Nxc3 {with a clear advantage for White.} ) 11.Nd2 O-O 12.O-O Re8 13.Bb2 {This move is necessary sooner or later, as the bishop is not well placed on c3. This is an excellent version of the isolated queen's pawn structure for Black. The knight on d2 is not an active piece and would be better placed on c3.} 13...Bd7 ( 13...Bc7 {is a typical plan in these positions.} 14.Rc1 Qd6 15.N2f3 Bg4 ( 15...Ne4 16.Nxc6 bxc6 17.Qd4 $1 Qg6 $2 18.Rxc6 {was winning for White in Lenderman-Andreikin, Titled Tuesday (blitz) 2022.} ) 16.g3 {with chances for both sides.} ) 14.N2f3 ( 14.Rc1 Nxd4 15.Bxd4 Ba3 $1 16.Ra1 Rc8 17.Bd3 Qe7 {with a good position for Black in Nisipeanu-Parligras, Bucharest (rapid) 2018.} ) 14...Ne4 15.Nd2 {A new and strange move: Ju offers a move repetition. It's clear that White has no advantage, and once again Lei's opening preparation has been superior.} ( 15.Rc1 Qf6 $1 16.Rc2 Qh6 {with active play for Black in Parligras-David, ROM-ch 2017.} ) ( 15.Nxc6 {is a natural reply, although hardly enough for an advantage after} 15...bxc6 16.Qd4 f6 ) 15...Nxd4 ( 15...Nf6 {Lei could also go back with the knight, making a tacit draw offer.} ) 16.Bxd4 Re6 $5 {[%c_effect e6;square;e6;type;Interesting;persistent;true] The rook lift through the sixth rank is a typical attacking device.} 17.f4 $1 {[%c_effect f4;square;f4;type;GreatFind;persistent;true] An important defensive move.} ( {After} 17.Nf3 $2 Rh6 {the attack is very strong.} ) ( 17.Nxe4 dxe4 18.g3 Rh6 {is also comfortable for Black.} ) 17...Bc5 {Now the game simplifies quickly.} 18.Nxe4 Bxd4 19.Qxd4 Rxe4 20.Qxd5 Rxe3 21.Bc4 Re7 ( 21...Be6 {is also enough for equality.} 22.Qxb7 Bxc4 23.bxc4 h6 24.Rad1 Qe8 ) 22.Qxb7 Bb5 23.Qd5 ( 23.Qf3 Bxc4 24.bxc4 Qd4+ 25.Kh1 Rc8 26.Rac1 h6 {The c4-pawn will soon be captured, and the game will end in a draw.} ) 23...Rd7 24.Qe5 Qb6+ 25.Kh1 Bxc4 26.bxc4 Qc6 27.Rfe1 h6 {White is not able to hold the extra pawn. The best thing to do is to give it back and force a draw.} 28.Rac1 Rad8 29.h3 Rd2 30.Re2 Rd1+ 31.Rxd1 Rxd1+ 32.Kh2 Qxc4 33.Qe8+ Kh7 34.Qe4+ Qxe4 35.Rxe4 {The game is essentially over.} 35...Rd5 36.Ra4 a5 37.Kg3 g5 38.fxg5 hxg5 39.Kf3 Kg6 40.Ke4 Rb5 41.g4 f5+ 42.gxf5+ Rxf5 43.Ke3 Kh5 44.Ke2 Re5+ 45.Kf3 Rf5+ 46.Ke3 Re5+ 47.Kf3 Rf5+ {Another cautious game. The tension builds as just two games are left in the match. I think neither player will take unnecessary risks at this point.} 1/2-1/2

[Event "FIDE Women's Chess World Championship"]
[Site "Chiva Chongqing"]
[Date "2023.07.21"]
[Round "12"]
[White "Ju, Wenjun"]
[Black "Lei, Tingjie"]
[Result "1-0"]
[WhiteElo "2564"]
[BlackElo "2554"]
[ECO "D04"]
[EventDate "2023.??.??"]
[Annotator "rafael"]
[PlyCount "123"]
[Beauty "6254432881185"]
[EventCountry "ESP"]
[TimeControl "40/5400+30:1800+30"]

1.d4 d5 2.Nf3 Nf6 3.e3 c5 4.dxc5 $5 {[%c_effect c5;square;c5;type;Interesting;persistent;true] By now we are used to queen's pawn sidelines in world championship matches. Both Ding and Ju showed that this is just as viable a path as fighting for advantage in the main lines.} 4...e6 5.b4 a5 6.c3 axb4 7.cxb4 b6 8.Bb5+ Bd7 9.Bxd7+ Nbxd7 10.a4 bxc5 11.b5 {I have a great friend (and a strong amateur chess player) who has always been a devoted fan of the Noteboom Variation. He felt invincible with these passed pawns. I wonder how he feels now that Ju is showing the world that it's possible to play the line with White, with an extra tempo. I also have a good friend, GM Gilberto Milos, who loves playing with central pawns: he is probably not very impressed with White's play.} 11...Qc7 {A rare move that has been played in correspondence games, but the game will transpose to a more common position later. Black has various tries here:} ( 11...Bd6 ) ( 11...g5 ) ( 11...c4 ) 12.Bb2 Bd6 13.O-O O-O ( 13...g5 $5 {[%c_effect g5;square;g5;type;Interesting;persistent;true] is critical. This is a typical move in this double-edged variation. Lei thought for a long time before castling and was maybe considering playing it.} 14.g3 ( 14.Nxg5 {is also possible:} 14...Bxh2+ 15.Kh1 Be5 16.Nc3 {with a complicated position.} ) 14...g4 15.Nh4 Be5 16.Nc3 Rg8 {The computer is happy with Black's position, and this was played in two correspondence games that ended in a draw. From a human perspective, the position is difficult to play with either color.} ) 14.Nbd2 {The game has transposed to a known position, played in nearly 30 games.} 14...Rfc8 ( 14...c4 {is the main move.} ) ( 14...e5 {is a very concrete way to pursue equality.} 15.e4 $1 {[%c_effect e4;square;e4;type;GreatFind;persistent;true] The only reasonable move.} 15...c4 16.Qc2 Rfc8 17.Rfc1 Bb4 18.Bc3 Bxc3 19.Qxc3 dxe4 20.Ng5 Nc5 {A possible continuation now is:} 21.Qxc4 Qd7 $1 22.Qe2 Qf5 23.Ngxe4 Ncxe4 24.Rxc8+ Rxc8 25.Nxe4 Nxe4 26.b6 {The pawns are so strong that they compensate for the missing piece, but no more than that: the game should end in a draw.} ) 15.Qc2 c4 $2 {[%c_effect c4;square;c4;type;Mistake;persistent;true] This is a mistake, since now White is able to advance the dangerous pawns.} ( 15...e5 {is better, transposing to the line analyzed previously after} 16.e4 c4 ) 16.Bc3 $1 {[%c_effect c3;square;c3;type;GreatFind;persistent;true] The pawns are ready to move forward. It's exactly because of this that my dear friend likes Noteboom positions.} 16...Nc5 17.a5 {Only this is a new move.} ( 17.Rfb1 {is also very good for White after} 17...Nce4 18.Nxe4 Nxe4 19.a5 ) 17...Nb3 $5 {[%c_effect b3;square;b3;type;Interesting;persistent;true] An interesting attempt to muddy the waters. White's play is easy after the alternatives:} ( 17...Nfe4 18.Nxe4 Nxe4 19.Rfb1 ) ( 17...Nd3 18.h3 e5 19.Rfb1 ) 18.Bxf6 $2 {[%c_effect f6;square;f6;type;Mistake;persistent;true] A big mistake. Ju probably evaluated the resulting position incorrectly or missed the tactical idea of giving up the a-pawn.} ( 18.Ra2 $1 {[%c_effect a2;square;a2;type;GreatFind;persistent;true] is much stronger.} 18...Nxd2 ( 18...Nxa5 $2 19.Rfa1 {loses material.} ) 19.Qxd2 Ne4 20.Qc2 {The pawns are very strong, and White has a clear advantage.} ) 18...Nxa1 $1 ( 18...gxf6 {loses by force after} 19.Nxb3 cxb3 20.Qxb3 Rxa5 21.b6 Qc5 22.b7 Rb8 23.Rxa5 Qxa5 24.Rb1 {The b-pawn is too strong.} ) 19.Bxa1 Qxa5 {The most natural move.} ( 19...Rxa5 {also leads to an equal position:} 20.Rb1 ( 20.Qc3 $6 {[%c_effect c3;square;c3;type;Inaccuracy;persistent;true] is wrong:} 20...f6 ) 20...Rb8 21.Nd4 e5 ( 21...Bxh2+ 22.Kf1 Be5 23.Bc3 Bxd4 24.Bxa5 Qxa5 25.exd4 Rxb5 {with an equal endgame.} ) 22.Nc6 Rxa1 23.Rxa1 Rxb5 24.Nxc4 ( 24.Ra6 Qb7 25.Qa4 Rb1+ 26.Nf1 h6 {with a complicated position that is equal according to the machine.} ) 24...Qxc6 25.Nxd6 $1 Qxd6 26.Qc8+ Qf8 27.Qd7 Rc5 28.h3 {White has enough activity to achieve an easy draw.} ) 20.Qc3 ( {After} 20.Ng5 {Black has a forced, but good enough, reply:} 20...g6 ) 20...Qxc3 21.Bxc3 Rcb8 22.Nd4 {This is an interesting endgame. It's always very difficult to evaluate imbalanced positions. With the benefit of having seen the game and being able to use the computer, it's easy to say that the position is equal.} 22...e5 $2 {[%c_effect e5;square;e5;type;Mistake;persistent;true] A mistake that changes the evaluation. Lei wants to eliminate the b-pawn, but she pays an expensive price. Many alternatives maintain equality.} ( 22...Ra3 23.Nb1 Ra2 ) ( 22...Bc5 ) ( 22...Ra2 ) 23.Nf5 Bf8 24.Bxe5 Rxb5 {Despite the material balance remaining the same, the position has deteriorated a lot for Black. White can now organize the pieces more easily and start an attack on the vulnerable black pawns. Hanging pawns are like inseparable brothers who share the same fate: after one is gone (the d5-pawn), the other (the c4-pawn) usually doesn't take long to fall.} 25.g4 $6 ( 25.Bc3 $1 {[%c_effect c3;square;c3;type;GreatFind;persistent;true] is a better way to immediately organize the pieces, with the knight coming back to d4.} ) 25...g6 26.Nd4 Rb2 $6 ( 26...Rb6 $1 {[%c_effect b6;square;b6;type;GreatFind;persistent;true] is a better defensive move, preparing f7-f6.} ) 27.Nb1 $1 {[%c_effect b1;square;b1;type;GreatFind;persistent;true] An excellent move. The knight is going to d5.} 27...Bg7 ( {An instructive endgame arises after} 27...Ra1 28.Nc3 Rxf1+ 29.Kxf1 Bg7 30.Bxg7 Kxg7 31.Nxd5 {The knights should be able to give White a win.} ) 28.Bxg7 Kxg7 29.Nc3 Ra5 30.Rd1 {With all the rooks on the board, White's task is easier. The d-pawn will be captured, and the endgame is easily winning.} 30...Rb6 31.Nde2 Rb3 32.Kg2 h6 33.Kf3 f6 34.Rc1 $1 {[%c_effect c1;square;c1;type;GreatFind;persistent;true] An accurate move with the idea of capturing the d-pawn without exchanging rooks.} ( 34.Nxd5 Rd3 ) ( 34.Rxd5 Rxd5 35.Nxd5 ) 34...Kf7 ( 34...g5 {prevents 35.Nf4 but weakens the f5-square.} 35.Nd4 ) 35.Nf4 d4 36.exd4 g5 37.Ne2 f5 {Lei tries her best to complicate the game, but Ju gives no chances.} 38.gxf5 Rxf5+ 39.Ke3 g4 40.Nf4 Rb8 41.d5 Rf6 ( 41...Re8+ 42.Ne4 {and the rook is ready to capture the c-pawn.} ) 42.Rc2 Ra8 43.Nb5 Rb6 44.Nd4 Ra3+ 45.Ke4 c3 46.Nfe2 Rb2 47.Kd3 Rb1 ( 47...Rxc2 48.Nxc2 ) 48.Nxc3 Rh1 49.f3 gxf3 50.Nxf3 Rf1 51.Nd4 Ke7 52.Kc4 Rf4 53.Rb2 {Black is unable to fight against the combined attack of the king, rook, knights, and passed pawn.} 53...Rh4 54.Rb7+ ( 54.Nb5 {leads to a mating attack after} 54...Rah3 55.Re2+ Kd7 56.d6 Rxh2 57.Re7+ Kd8 58.Kc5 ) 54...Kf6 55.Rb2 Ra8 56.Kc5 Rh3 57.Ncb5 Re3 58.d6 Ke5 59.Nc6+ Ke4 60.d7 Rd3 61.Nd6+ Kf4 62.Rb8 {The pawn's promotion is inevitable. Ju retains her world title after a tense and difficult match that was played at a very high level by both players.} 1-0